 Dungeon Sprint DCSS version 0.29.1-12-g30fa7ad0bf (webtiles) character file.

Game seed: 9066226228751607994

5567 Groucho the Unseen (level 10, -1/44 HPs)
             Began as a Spriggan Enchanter on Jan 8, 2023.
             Was a Believer of Dithmenos.
             Slain by a polar bear (3 damage)
             ... in the Dungeon (Sprint II: "The Violet Keep of Menkaure").
             The game lasted 00:06:13 (560 turns).

Groucho the Unseen (Spriggan Enchanter)              Turns: 560, Time: 00:06:14

Health: -1/44      AC:  2    Str:  8    XL:     10   Next: 44%
Magic:  27/34      EV: 18    Int: 18    God:    Dithmenos [**....]
Gold:   410        SH:  0    Dex: 15    Spells: 36/47 levels left

rFire   + . .      SeeInvis +   a - +1 dagger
rCold   . . .      Faith    .   (no shield)
rNeg    . . .      Spirit   .   b - +0 robe
rPois   .          Reflect  .   (helmet restricted)
rElec   .          Harm     .   (no cloak)
rCorr   .          Rampage  .   (gloves unavailable)
Will    +....      NoTele   +   (boots unavailable)
Stlth   +++++++++.              (no amulet)
HPRegen 0.14/turn               d - ring of flight
MPRegen 0.24/turn               f - ring of protection from fire

@: flying, wreathed by umbra, invisible, very quick
A: very small, no large weapons, unfitting armour, see invisible, speed 3
a: Renounce Religion, Shadow Step


You were in the Dungeon.
You worshipped Dithmenos.
Dithmenos was pleased with you.
You visited 1 branch You collected 1231 gold pieces.
You spent 821 gold pieces at shops.

Inventory:

Hand Weapons
 a - a +1 dagger (weapon)
Armour
 b - a +0 robe (worn)
Jewellery
 d - a ring of flight (left hand)
 f - a ring of protection from fire (right hand)
Scrolls
 i - 2 scrolls of blinking
Potions
 g - 2 potions of magic
 h - a potion of berserk rage
 j - a potion of curing


   Skills:
 - Level 10.0 Short Blades
 + Level 3.5 Dodging
 - Level 19.1 Stealth
 - Level 19.0 Spellcasting
 - Level 14.0 Hexes
 * Level 2.2 Invocations


You had 36 spell levels left.
You knew the following spells:

 Your Spells              Type           Power      Damage    Failure   Level
a - Ensorcelled Hibernat  Hex/Ice        84%        N/A       1%          2
b - Confusing Touch       Hex            61%        N/A       1%          3
c - Dazzling Flash        Conj/Hex       84%        N/A       1%          3
d - Tukima's Dance        Hex            61%        N/A       1%          3

Your spell library contained the following spells:

 Spells                   Type           Power      Damage    Failure   Level
 Shock                    Conj/Air       68%        1d7       3%          1
 Swiftness                Air            17%        N/A       10%         3
 Airstrike                Air            8%         2d(2-18)  30%         4


Dungeon Overview and Level Annotations

Branches:
Dungeon (1/1)

Altars:
Cheibriados
Dithmenos
Elyvilon
Fedhas
Gozag
Hepliaklqana
Kikubaaqudgha
Makhleb
Nemelex Xobeh
Okawaru
Qazlal
Ru
Sif Muna
Trog
Uskayaw
Vehumet
Wu Jian
Xom
Yredelemnul
Zin
The Shining One
Jiyva
Lugonu

Shops:
D :=:?[[[=*[(?!![

Annotations:
D exclusion: oklob plant


Innate Abilities, Weirdness & Mutations

You are very small and have problems with some larger weapons.
You are too small for most types of armour.
You have supernaturally acute eyesight. (SInv)
You cover ground extremely quickly. (Speed+++)


Message History

You feel much better. The polar bear barely misses you.
The polar bear claws you. x2
You are too injured to fight recklessly!
You are too injured to fight recklessly!
You are too injured to fight recklessly!
You barely miss the polar bear.
You hit the polar bear but do no damage.
The polar bear bites you!
* * * LOW HITPOINT WARNING * * *
The polar bear misses you. The polar bear claws you.
* * * LOW HITPOINT WARNING * * *
Unknown command.
Okay, then.
You fade into invisibility!
Casting: Confusing Touch (safe; 1% risk of failure)
Confirm with . or Enter, or press ? or * to list all spells.
You can't see any susceptible monsters within range! (Use Z to cast anyway.) Unknown command.
The yaktaur wields a +0 arbalest.
The yaktaur shoots a bolt.
The bolt hits the polar bear!
You barely miss the polar bear.
The polar bear is lightly wounded.
You hit the polar bear but do no damage.
The polar bear appears confused.
The polar bear is lightly wounded.
The yaktaur shoots a bolt.
The bolt closely misses you.
Casting: Confusing Touch (safe; 1% risk of failure)
Confirm with . or Enter, or press ? or * to list all spells.
Aiming: Ensorcelled Hibernation (safe; 1% risk of failure)
Press: ? - help, Shift-Dir - straight line, f - yaktaur
Aim: a yaktaur, wielding a +0 arbalest (unable to see you, umbra, chance to affect: 50%)
The yaktaur resists with some effort.
Unknown command.
Unknown command.
You hit the polar bear.
The polar bear is moderately wounded.
You hit the polar bear but do no damage.
The polar bear is moderately wounded.
The polar bear misses you. The polar bear claws you.
You die...

#+##..#.[####.#
.#.##.####†.'.### .#..#
...#.†#...####
.#.####..#####..##$# !$[
#'###÷##..#..'..#..#▓!$$$(
#.##.#.#..#..#..#.y#▓($$)$?[
.<.'###'..####..##c#▓?!$$?()
#.##.#.#.§§.###^.h##▓▓▓▓▓▓▓+
#'###÷##......~~@~~~~~~~~~~
#.# ###~~.§§..~#'########+##
.#..#~~~~~~~..~#.._.....#§~~
.#.##~§~~~~~~.~#._._....#~~≈
#+##~~§≈§≈§§~~~#_._._...#§§~
~~~§§≈≈§≈~~~#._._._..#§§S
++#§≈§§§≈≈≈~#_._._._.#~§§
#≈§§###§§#._._._._#~S§
#≈≈#_._._._.#§§§


You could see a polar bear (confused, unable to see you), a yaktaur (unable to
see you) and a hornet (unable to see you).

Vanquished Creatures
  A deep elf master archer (D)
  A great orb of eyes (D)
  2 boulder beetles (D)
  An ice dragon (D)
  2 hell hogs (D)
  A polar bear (D)
  2 wyverns (D)
  Menkaure (D)
  A water moccasin (D)
  4 scorpions (D)
  3 worms (D)
19 creatures vanquished.

Vanquished Creatures (others)
  A water moccasin (D)
1 creature vanquished.

Grand Total: 20 creatures vanquished

Notes
Turn   | Place    | Note
-------+----------+-------------------------------------------
     0 | D        | Groucho the Spriggan Enchanter began the quest for the Orb.
     0 | D        | Reached XP level 1. HP: 9/9 MP: 5/5
     3 | D        | Noticed a boulder beetle
     3 | D        | Noticed a boulder beetle
     6 | D        | Noticed a wyvern
     6 | D        | Noticed a wyvern
     9 | D        | Noticed a scorpion
     9 | D        | Noticed a scorpion
    11 | D        | Noticed a scorpion
    11 | D        | Noticed a scorpion
    15 | D        | Killed a scorpion
    16 | D        | Reached skill level 5 in Hexes
    16 | D        | Reached XP level 2. HP: 6/13 MP: 5/8
    16 | D        | Reached XP level 3. HP: 7/16 MP: 6/10
    31 | D        | Killed a wyvern
    32 | D        | Reached skill level 5 in Short Blades
    32 | D        | Reached XP level 4. HP: 10/21 MP: 6/13
    32 | D        | Reached XP level 5. HP: 11/24 MP: 6/15
    34 | D        | Killed a wyvern
    35 | D        | Reached XP level 6. HP: 13/28 MP: 7/17
    48 | D        | Reached skill level 15 in Stealth
    48 | D        | Reached XP level 7. HP: 16/32 MP: 7/20
    55 | D        | Killed a boulder beetle
    56 | D        | Reached skill level 10 in Spellcasting
    56 | D        | Reached skill level 10 in Hexes
    56 | D        | Reached XP level 8. HP: 19/36 MP: 8/23
    58 | D        | Killed a boulder beetle
    87 | D        | Found Xawi's Distillery.
    88 | D        | Found Dofich Guxzi's Assorted Antiques.
    88 | D        | Found Dylehige's Jewellery Emporium.
    88 | D        | Found Cixal's Antique Armour Shoppe.
    88 | D        | Found Opiwuxudgh's Antique Weapon Shoppe.
    88 | D        | Found Imicwoank's Magic Scroll Emporium.
    88 | D        | Found Tuffil's Distillery.
    88 | D        | Found Muj Abes's Antique Armour Emporium.
    88 | D        | Found Xoshrad's Antique Armour Shoppe.
    88 | D        | Found Sycahoz's Antique Armour Emporium.
    97 | D        | Found Nitrim's Magic Scroll Shoppe.
    99 | D        | Noticed Menkaure
   104 | D        | Learned a level 2 spell: Ensorcelled Hibernation
   108 | D        | Learned a level 3 spell: Confusing Touch
   109 | D        | Found Celyorphe's Armour Emporium.
   110 | D        | Found Jelyhoen's Book Shoppe.
   110 | D        | Found Osej Maw's Jewellery Emporium.
   110 | D        | Noticed an unseen horror
   111 | D        | Noticed an unseen horror
   111 | D        | Noticed an oklob plant
   112 | D        | Found Roilum's Book Shoppe.
   113 | D        | Noticed a cane toad
   114 | D        | Noticed a cane toad
   123 | D        | Killed Menkaure
   139 | D        | Reached skill level 10 in Short Blades
   383 | D        | Bought a potion of invisibility for 112 gold pieces
   387 | D        | Bought a scroll of blinking for 157 gold pieces
   416 | D        | Bought a ring of flight for 227 gold pieces
   419 | D        | Bought a ring of protection from fire for 325 gold pieces
   424 | D        | Learned a level 3 spell: Dazzling Flash
   428 | D        | Learned a level 3 spell: Tukima's Dance
   450 | D        | Found a stormy altar of Qazlal.
   451 | D        | Found a hazy altar of Hepliaklqana.
   451 | D        | Found a sacrificial altar of Ru.
   451 | D        | Found an ornate altar of the Wu Jian Council.
   452 | D        | Found a viscous altar of Jiyva.
   452 | D        | Found a shimmering blue altar of Sif Muna.
   452 | D        | Found a shimmering altar of Xom.
   453 | D        | Found a snail-covered altar of Cheibriados.
   453 | D        | Found an ancient bone altar of Kikubaaqudgha.
   453 | D        | Found a bloodstained altar of Trog.
   454 | D        | Found a shadowy altar of Dithmenos.
   454 | D        | Found a corrupted altar of Lugonu.
   456 | D        | Found a white marble altar of Elyvilon.
   456 | D        | Found a burning altar of Makhleb.
   457 | D        | Found a blossoming altar of Fedhas.
   459 | D        | Found an opulent altar of Gozag.
   459 | D        | Found a glowing golden altar of the Shining One.
   459 | D        | Found a basalt altar of Yredelemnul.
   459 | D        | Found a hide-covered altar of Uskayaw.
   459 | D        | Found a sparkling altar of Nemelex Xobeh.
   459 | D        | Noticed a hornet
   459 | D        | Noticed a polar bear
   460 | D        | Found a glowing silver altar of Zin.
   460 | D        | Found a radiant altar of Vehumet.
   460 | D        | Found an iron altar of Okawaru.
   460 | D        | Noticed a yaktaur
   464 | D        | Became a worshipper of Dithmenos the Shadowed
   478 | D        | Noticed a deep elf master archer
   483 | D        | Killed a deep elf master archer
   484 | D        | Reached XP level 9. HP: 39/39 MP: 24/28
   490 | D        | Noticed an ice dragon
   492 | D        | Killed an ice dragon
   492 | D        | Reached * piety under Dithmenos
   493 | D        | Reached skill level 15 in Spellcasting
   503 | D        | Noticed a hell hog
   503 | D        | Noticed a hell hog
   505 | D        | Killed a hell hog
   506 | D        | Reached XP level 10. HP: 44/44 MP: 27/32
   507 | D        | Killed a hell hog
   519 | D        | Noticed a great orb of eyes
   521 | D        | Killed a great orb of eyes
   521 | D        | Reached ** piety under Dithmenos
   549 | D        | HP: 1/44 [polar bear (5)]
   560 | D        | Slain by a polar bear

Illustrated notes

Levels and vault maps discovered:
D:        the_violet_keep_of_menkaure [sprint2_stairs_cluster_1,
          sprint2_shoproom, sprint2_temple, sprint2_basic_supplies,
          sprint2_obstacle_4, sprint2_obstacle_5, sprint2_obstacle_3,
          sprint2_obstacle_7, sprint2_obstacle_6, sprint2_timed_cluster_1,
          sprint2_smallroom_cluster_1, sprint2_smallroom_final_cluster_1,
          sprint2_transparent_cluster_1, sprint2_second_timed_cluster_1,
          sprint2_sniper_area_1, sprint2_heavy_combat_area_1,
          sprint2_mutation_trap_area_1, sprint2_forest_area_1,
          sprint2_light_combat_area_1, sprint2_behind_water_1,
          sprint2_near_end_vault_1]

Skill      XL: |  1  2  3  4  5  6  7  8  9 10 |
---------------+-------------------------------+-----
Short Blades   | 3 5 6 7 8 10 | 10.0
Stealth        | 8 12 13 15 17 19 | 19.1
Spellcasting   | 4 6 7 8 10 14 17 19 | 19.0
Hexes          | 5 7 8 10 14 | 14.0
Dodging        | 3 |  3.5
Invocations    | 2 |  2.2

Action                   |  1- 3 |  4- 6 |  7- 9 | 10-12 || total
-------------------------+-------+-------+-------+-------++-------
Melee: Dagger            |     8 |     6 |    13 |    15 ||    42
       Punch             |       |       |       |     1 ||     1
 Cast: Ensorcelled Hiber |       |       |     3 |     1 ||     4
       Confusing Touch   |       |       |     1 |     2 ||     3
  Use: Potion            |     2 |       |     2 |     2 ||     6
 Stab: Sleeping          |     2 |     2 |     7 |     2 ||    13
       Invisible         |     2 |     2 |       |       ||     4
       Confused          |       |       |       |     2 ||     2
Armor: Robe              |       |       |       |     1 ||     1
Dodge: Dodged            |     5 |     2 |     8 |    14 ||    29
